 Dungeon Crawl Stone Soup version 0.27-a0-419-g7a85846853 (webtiles) character file.

Game seed: 14577173319160415379

72 Chiseanne the Covered (level 4, 10/35 HPs)
             Began as a Demonspawn Wanderer on Feb 26, 2021.
             Quit the game on level 2 of the Dungeon.
             The game lasted 00:02:22 (1284 turns).

Chiseanne the Covered (Demonspawn Wanderer)         Turns: 1284, Time: 00:02:23

Health: 10/35      AC: 13    Str: 14    XL:     4   Next: 7%
Magic:  4/4        EV:  9    Int: 16    God:
Gold:   80         SH:  4    Dex:  9    Spells: 3/3 levels left

rFire    . . .     SeeInvis .   a - +2 club
rCold    . . .     Faith    .   (no shield)
rNeg     . . .     Spirit   .   d - +2 scale mail
rPois    .         Reflect  .   (helmet restricted)
rElec    .         Harm     .   (no cloak)
rCorr    .         Rampage  .   (no gloves)
Will     .....                  g - +1 pair of boots
Stlth    ..........             (no amulet)
HPRegen  0.11/turn              (no ring)
MPRegen  0.09/turn              (no ring)

@: no status effects
A: antennae 1, iridescent scales 1, condensation shield
a: no special abilities


You were on level 2 of the Dungeon.
You visited 1 branch of the dungeon, and saw 2 of its levels.

You collected 80 gold pieces.

Inventory:

Hand Weapons
 a - a +2 club (weapon)
Missiles
 h - 20 poisoned darts
 i - 22 sling bullets
 j - 21 arrows
Armour
 d - a +2 scale mail (worn)
 g - a +1 pair of boots (worn)
Jewellery
 b - an amulet of guardian spirit
 l - a +6 ring of dexterity
Wands
 c - a wand of random effects (15) (quivered)


   Skills:
 * Level 3.0 Fighting
 - Level 1.8 Axes
 * Level 4.2 Armour
 * Level 1.6 Dodging
 - Level 1.0 Stealth
 - Level 1.0 Evocations


You had 3 spell levels left.
You didn't know any spells.
Your spell library was empty.

Dungeon Overview and Level Annotations

Branches:
Dungeon (2/15)

Altars:
Elyvilon


Innate Abilities, Weirdness & Mutations

You have a pair of small antennae on your head.
You are partially covered in iridescent scales. (AC +2)
A meltable shield of frost defends you. (SH +4)


Message History

The worm is moderately wounded.
You hit the worm.
The worm is heavily wounded.
You completely miss the worm.
The worm is heavily wounded.
The worm bites you but does no damage.
Found a white marble altar of Elyvilon.
You see here a +0 club.
Your extra speed is starting to run out.
Found 2 boomerangs.
You aren't carrying any potions.
Unknown command.
You aren't carrying any scrolls.
Unknown command.
An adder comes into view.
The adder hisses angrily.
The adder bites you but does no damage.
Found 7 boomerangs.
You closely miss the adder.
You feel yourself slow down. The adder bites you but does no damage.
You hit the adder.
The adder is lightly wounded.
The adder bites you but does no damage. x2
You hit the adder.
The adder is moderately wounded.
The adder barely misses you.
You hit the adder.
The adder is heavily wounded.
The adder barely misses you. The adder completely misses you.
You hit the adder.
The adder is severely wounded.
The adder bites you but does no damage. The adder closely misses you.
You hit the adder.
You kill the adder!
Your Fighting skill increases to level 3!
You have reached level 4!
You feel stronger.
Your demonic ancestry asserts itself...
A pair of antennae grows on your head!
Are you sure you want to abandon this character and quit the game? (Confirm with "yes".)

...# ...#.. ...# ...#.. ...##
# #..##...... ..... #.
##.....#.#.( ....###
.#.###...#....... ...
...(#..#......... #..#
.#........†...<## ..##
.........@....... ...#
#.#........####. #.. ..
#......###....# .##. ...
#......###.##.#. #..##.
...###.#....##...#.#.# #....
..............._......# ##.#..
.........#.#.#...##...###..#..
...........#.##.###.......###.
...........#....###....#....![


There were no monsters in sight!

Vanquished Creatures
  5 adders (D:2)
  2 worms (D:2)
  A dart slug (D:1)
  A leopard gecko (D:2)
  A giant cockroach (D:1)
  2 hobgoblins
  A bat (D:1)
  2 frilled lizards (D:2)
  4 goblins
  4 rats
23 creatures vanquished.

Notes
Turn   | Place    | Note
-------+----------+-------------------------------------------
     0 | D:1      | Chiseanne the Demonspawn Wanderer began the quest for the
                  | Orb.
     0 | D:1      | Chiseanne set off with the following items: a +0 club, a
                  | potion of curing, a wand of random effects (15), a +2 scale
                  | mail
     0 | D:1      | Reached XP level 1. HP: 16/16 MP: 1/1
   496 | D:2      | Gained mutation: You are partially covered in iridescent
                  | scales. (AC +2) [demonic ancestry]
   496 | D:2      | Reached XP level 2. HP: 20/22 MP: 2/2
   539 | D:2      | Noticed a sky beast
   722 | D:2      | Reached skill level 1 in Dodging
   736 | D:2      | Reached skill level 4 in Armour
   736 | D:2      | Gained mutation: A meltable shield of frost defends you.
                  | (SH +4) [demonic ancestry]
   736 | D:2      | Reached XP level 3. HP: 14/28 MP: 3/3
   999 | D:2      | HP: 1/28 [poisoned by an adder]
  1264 | D:2      | Found a white marble altar of Elyvilon.
  1284 | D:2      | Gained mutation: You have a pair of small antennae on your
                  | head. [demonic ancestry]
  1284 | D:2      | Reached XP level 4. HP: 10/35 MP: 4/4
  1284 | D:2      | Quit the game

Illustrated notes

Levels and vault maps discovered:
D:1:      grunt_arrival_lava_bath, layout_rooms, chequers_hall_statues_corner_a,
          wad_floor_pattern_2
D:2:      layout_rooms, nzn_wu_jian_contemplation,
          nicolae_overflow_crystal_walls, minmay_pentomino_t4

Skill      XL: |  1  2  3 |
---------------+----------+-----
Dodging        | 1 |  1.6
Armour         | 4 |  4.2
Fighting       | 3 |  3.0
Axes           | |  1.8
Stealth        | |  1.0
Evocations     | |  1.0

Action                   |  1- 3 |  4- 6 || total
-------------------------+-------+-------++-------
Melee: Club              |   139 |       ||   139
  Use: Scroll            |     8 |       ||     8
       Potion            |     2 |       ||     2
Armor: Scale mail        |   107 |       ||   107
Dodge: Dodged            |    75 |       ||    75
Block: Other             |    19 |       ||    19

Table legend: (Time is in decaauts)
 A = Elapsed time spent in this place.
 B = Non-inter-level travel time spent in this place.
 C = Inter-level travel time spent in this place.
 D = Time resting spent in this place.
 E = Time spent auto-exploring this place.
 F = Levels seen in this place.
 G = Mean time per level.
                   A        B        C        D        E       F      G
               +--------+--------+--------+--------+--------+-----+--------+
         Total |   1299 |   1278 |     21 |    488 |    496 |   2 |  649.5 |
       Dungeon |   1299 |   1278 |     21 |    488 |    496 |   2 |  649.5 |
               +--------+--------+--------+--------+--------+-----+--------+

Top non-repeatable levels by time:
     D:2: 667 daAuts
     D:1: 632 daAuts
